 Dungeon Crawl Stone Soup version 0.23.0-28-g6fe0f4d (webtiles) character file.

Game seed: 5633999240954762123

18 Kairos the Skirmisher (level 2, 36/36 HPs)
             Began as a Formicid Abyssal Knight on Feb 25, 2019.
             Was a Follower of Lugonu.
             Quit the game on level 1 of the Dungeon.
             The game lasted 00:02:34 (900 turns).

Kairos the Skirmisher (Formicid Abyssal Knight)      Turns: 900, Time: 00:02:35

Health: 36/36      AC: 21    Str: 16    XL:     2   Next: 90%
Magic:  3/3        EV:  2    Int: 11    God:    Lugonu [*.....]
Gold:   42         SH:  0    Dex: 10    Spells: 1/1 levels left

rFire    . . .     SeeInvis .   a - +1 spear
rCold    . . .     Gourm    .   (no shield)
rNeg     + + +     Faith    .   (armour currently unavailable)
rPois    +         Spirit   .   (helmet unavailable)
rElec    .         Reflect  .   (cloak currently unavailable)
rCorr    .         Harm     .   (gloves currently unavailable)
MR       .....                  (boots currently unavailable)
Stlth    +.........             e - amulet of the acrobat
HPRegen  0.12/turn              (no ring)
MPRegen  0.08/turn              (no ring)

@: tree-form
A: permanent stasis, dig shafts and tunnels, four strong arms
a: Depart the Abyss, Renounce Religion


You were on level 1 of the Dungeon.
You worshipped Lugonu.
Lugonu was aware of your devotion.
You were not hungry.
You were a tree.
You visited 1 branch of the dungeon, and saw 1 of its levels.
You visited the Abyss 1 time.

You collected 42 gold pieces.

Inventory:

Hand Weapons
 a - a +1 spear (weapon)
Armour
 b - a +0 leather armour
 d - a +0 cloak (melded)
 j - a +0 chain mail (melded)
Jewellery
 e - an amulet of the acrobat (around neck)
Scrolls
 f - a scroll of blinking
 i - a scroll of remove curse
Potions
 g - a potion of heal wounds
Comestibles
 c - 5 rations


   Skills:
 + Level 3.5 Fighting
 + Level 2.5 Polearms
 + Level 2.2 Armour
 + Level 1.3 Dodging
 + Level 2.2 Invocations


You had one spell level left.
You didn't know any spells.
Your spell library was empty.

Dungeon Overview and Level Annotations

Branches:
Dungeon (1/15)

Altars:


Innate Abilities, Weirdness & Mutations

You cannot be hasted, slowed, berserked, paralysed or teleported.
You can dig through walls and to a lower floor.
Your four strong arms can wield two-handed weapons with a shield.
((You have a pair of large antennae on your head. (SInv)))


Message History

Done exploring.
There is an escape hatch in the floor here.
As you read the scroll labeled KOENAH IRCHUMAA, it crumbles to dust.
Your stasis prevents you from teleporting.
It was a scroll of blinking.
Unknown command.
As you read the scroll labeled XOW SUSID ESU, it crumbles to dust.
You feel blessed for a moment.
It was a scroll of remove curse.
Unknown command.
As you read the scroll labeled YRCHUD RYNAL, it crumbles to dust.
You feel momentarily disoriented.
It was a scroll of magic mapping.
Okay, then.
It was a potion of heal wounds.
You feel much better.
It was a potion of haste.
Your stasis prevents you from being hasted.
It was a potion of lignification.
You turn into a tree.
Your +0 cloak melds into your body.
Your +0 chain mail melds into your body.
Your roots penetrate the ground.
Are you sure you want to abandon this character and quit the game? (Confirm with "yes".)

#.....# #.....# #....# #.....#
####### #..#.#### #.....#
##..#....## #.....#####
#.........#
#.....#...############.........#
##.....#.#.##...........#.###...#
.........#.##...........#.##.....
##.#.......##........#.##......##
#.#............♣....#..####...##
#.######.####....##.#.(##.......
#[........# #..#..#....##.#.##..
#######.#.###..#..........#....#
#........##..#...##'##########
#............#...#♣.♣♣♣♣♣ #
#.......##.......#♣..PPP♣ #
#######.##.#.....#♣.♣♣♣.♣♣ #
###........#♣.♣♣P.P♣♣ #


There were no monsters in sight!

Vanquished Creatures
  An ooze (D:1)
  2 leopard geckos (D:1)
  2 goblins (D:1)
  A hobgoblin (D:1)
  2 ball pythons (D:1)
  2 bats (D:1)
  A frilled lizard (D:1)
  2 rats (D:1)
13 creatures vanquished.

Vanquished Creatures (others)
  4 starspawn tentacles (Abyss:1)
4 creatures vanquished.

Grand Total: 17 creatures vanquished

Notes
Turn   | Place    | Note
-------+----------+-------------------------------------------
     0 | Abyss:1  | Kairos the Formicid Abyssal Knight began the quest for the
                  | Orb.
     0 | Abyss:1  | Reached XP level 1. HP: 18/18 MP: 2/2
    61 | Abyss:1  | Noticed a small abomination
    72 | Abyss:1  | Noticed a large abomination
    84 | Abyss:1  | Noticed a bone dragon
   110 | Abyss:1  | Noticed a small abomination
   118 | Abyss:1  | Noticed a chaos spawn
   132 | Abyss:1  | Noticed a chaos spawn
   136 | Abyss:1  | Noticed a small abomination
   145 | Abyss:1  | Noticed a small abomination
   150 | Abyss:1  | Noticed a tentacled starspawn
   172 | D:1      | Escaped the Abyss
   588 | D:1      | Reached skill level 1 in Dodging
   588 | D:1      | Reached XP level 2. HP: 18/24 MP: 3/3
   610 | D:1      | Reached * piety under Lugonu
   900 | D:1      | Quit the game

Skill      XL: |  1 |
---------------+----+-----
Dodging        | 1 |  1.3
Fighting       | |  3.5
Polearms       | |  2.5
Armour         | |  2.2
Invocations    | |  2.2

Action                   || total
-------------------------++-------
Melee: Spear             ||    38
Invok: Depart the Abyss  ||     1
  Use: Scroll            ||     3
       Potion            ||     3
Armor: Leather armour    ||     6
Dodge: Dodged            ||    23
